 Dungeon Crawl Stone Soup version 0.17-a0-1767-gccbed74 (webtiles) character file.

223 4thArraOfDagon the Skirmisher (level 5, 0/46 HPs)
             Began as a Centaur Chaos Knight on Sept 6, 2015.
             Succumbed to poison (a potion of poison)
             ... on level 6 of the Dungeon.
             The game lasted 00:04:00 (972 turns).

4thArraOfDagon the Skirmisher (Centaur Chaos Knight) Turns: 972, Time: 00:04:00

Health: 0/46       AC:  9    Str: 14    XL:     5   Next: 66%
Magic:  5/5        EV:  9    Int: 12    God:    Xom [....*.]
Gold:   123        SH:  0    Dex:  9    Spells: 0 memorised, 4 levels left

rFire  + . .     SeeInvis .     a - +0 spear (chaos)
rCold  + . .     Clarity  .     b - +2 leather armour
rNeg   . . .     SustAt   .     (no shield)
rPois  +         Gourm    .     (no helmet)
rElec  +         Spirit   .     k - +0 cloak
rCorr  +         Warding  .     e - +0 pair of gloves
rMut   .         Stasis   .     (no barding)
MR     .....                    (no amulet)
Stlth  ..........               (no ring)
                                (no ring)

@: lethally poisoned (0 -> -8), resistant, very quick, not resistant to hostile
enchantments, extremely unstealthy
A: hooves 3, deformed body, speed 2, tough skin 3
a: Renounce Religion


You were on level 6 of the Dungeon.
You worshipped Xom.
You were a beloved toy of Xom.
You were hungry.

You visited 1 branch of the dungeon, and saw 6 of its levels.

You collected 123 gold pieces.

Inventory:

Hand weapons
 a - a +0 spear of chaos (weapon)
 j - a +1 falchion of protection
Armour
 b - a +2 leather armour (worn)
 e - a +0 pair of gloves (worn)
 g - a +0 scale mail
 k - a +0 cloak (worn)
Scrolls
 d - 2 scrolls of identify {unknown}
 h - 2 scrolls of fog
 n - a scroll of immolation {unknown}
 o - a scroll of noise {unknown}
Comestibles
 c - 3 bread rations
 f - 2 chunks of flesh
 i - 2 beef jerkies
 m - a meat ration


   Skills:
 + Level 4.2 Fighting
 * Level 4.1 Polearms
 + Level 2.2 Armour
 + Level 1.7 Dodging


You had 4 spell levels left.
You didn't know any spells.

Dungeon Overview and Level Annotations

Branches:
Dungeon (6/15)
 Temple: D:4-7

Altars:
Elyvilon


Innate Abilities, Weirdness & Mutations

You have hooves in place of feet.
Armour fits poorly on your strangely shaped body.
You cover ground very quickly.
You have extremely tough skin (AC +3).


Message History

You feel sick.
* * * LOW HITPOINT WARNING * * *
You feel sick.
Unknown command.
Unknown command.
* * * LOW HITPOINT WARNING * * *
You feel sick.
There is a stone staircase leading down here.
Unknown command.
* * * LOW HITPOINT WARNING * * *
You feel sick.
You climb downwards.
* * * LOW HITPOINT WARNING * * *
You feel sick.
Found 19 gold pieces and a bread ration.
There is a stone staircase leading up here.
Unknown command.
Unknown command.
You die...
Xom snickers!

######
#.....####
#........###
#.........%#
#..........#
.#..........#
............#
.......@....#
............#
.........<..#
.##.$.......#
#####.....#
######.. ##.
.. .


There were no monsters in sight!

Vanquished Creatures
  A steam dragon (D:5)
  A hound (D:4)
  5 adders
  A white imp (D:5)
  A worm (D:2)
  An orc (D:3)
  A giant cockroach (D:2)
  2 goblins (D:2)
  6 hobgoblins
  A ball python (D:4)
  A bat (D:2)
  A giant newt (D:2)
  2 kobolds (D:2)
  3 rats
27 creatures vanquished.

Vanquished Creatures (others)
  An adder skeleton (D:5)
  An orc (D:5)
2 creatures vanquished.

Grand Total: 29 creatures vanquished

Notes
Turn   | Place    | Note
--------------------------------------------------------------
     0 | D:1      | 4thArraOfDagon the Centaur Chaos Knight began the quest for the Orb.
     0 | D:1      | Reached XP level 1. HP: 19/19 MP: 1/1
    79 | D:2      | XOM: noise
   155 | D:2      | Reached XP level 2. HP: 24/26 MP: 2/2
   193 | D:2      | XOM: smoke on damage
   280 | D:2      | XOM: harmless Conj miscast
   288 | D:2      | Reached XP level 3. HP: 29/31 MP: 3/3
   457 | D:4      | Reached skill level 1 in Dodging
   520 | D:3      | Noticed a phantom
   609 | D:4      | Reached XP level 4. HP: 31/38 MP: 4/4
   614 | D:4      | XOM: potion effect (might)
   756 | D:3      | XOM: silly message
   844 | D:5      | Entered Level 5 of the Dungeon
   850 | D:5      | XOM: polymorph shadow imp -> white imp
   853 | D:5      | XOM: summons 2 hostile demons
   880 | D:5      | Found a white marble altar of Elyvilon.
   886 | D:5      | Noticed a steam dragon
   886 | D:5      | a worker ant changed into a steam dragon
   895 | D:5      | Killed a steam dragon
   895 | D:5      | Reached skill level 4 in Fighting
   895 | D:5      | Reached XP level 5. HP: 20/46 MP: 5/5
   919 | D:5      | XOM: confusion
   968 | D:5      | HP: 2/46 [poison (a potion of poison)]
   972 | D:6      | Succumbed to poison (a potion of poison)

Vault maps used:
D:1:      dpeg_arrival_arbitrary_a
D:2:      kennysheep_generic_room_12
D:4:      first_bread
D:5:      elyvilon_altar_4
D:6:      serial_shops, shop

Action                   |  1- 3 |  4- 6 || total
-------------------------+-------+-------++-------
Melee: Spear             |    79 |    68 ||   147
  Use: Potion            |     3 |     4 ||     7
       Scroll            |     3 |       ||     3
